ORI
UNIVERSITY OF CONNETICUT HUSKIES @ LOUISIANA STATE UNIVERSITY TIGERS
08/13/2048
 
TOP OF THE 1ST
University of Conneticut Huskies batting - Pitching for Louisiana State University Tigers : LHP Nate Dawn
Pitching: LHP Nate Dawn
Batting: RHB Kyle Finney 0-0: Ball
1-0: Ball
2-0: Ball
3-0: Base on Balls
Batting: RHB Jai De san miguel 0-0: Ball
1-0: Ground out 5-3 (Groundball, 56S, EV 66.2 MPH)
Kyle Finney to second
Batting: LHB Jonathan Sica 0-0: Ball
1-0: Ball
2-0: Ball
3-0: Base on Balls
Batting: LHB Hector Acosta 0-0: Ball
1-0: Fly out, F8 (Flyball, 8LM, EV 86.2 MPH)
Batting: RHB Cullen Elliott 0-0: Ball
1-0: Ball
2-0: Called Strike
2-1: Fly out, F9 (Line Drive, 9, EV 100.0 MPH)
Top of the 1st over - 0 runs, 0 hits, 0 errors, 2 left on base; University of Conneticut 0 - Louisiana State University 0
BOTTOM OF THE 1ST
Louisiana State University Tigers batting - Pitching for University of Conneticut Huskies : RHP Hector Guerra
Pitching: RHP Hector Guerra
Batting: LHB Elijah Mallandain 0-0: Called Strike
0-1: Called Strike
0-2: Ground out 4-3 (Groundball, 4, EV 86.9 MPH)
Batting: RHB Keith Ashton 0-0: Ball
1-0: Ball
2-0: Ball
3-0: Called Strike
3-1: Called Strike
3-2: Base on Balls
Batting: RHB Stewart Walker 0-0: Called Strike
0-1: Fielders Choice at 2nd, 4-6 (Groundball, 34, EV 85.0 MPH)
Batting: LHB Todd Saunders 0-0: Ball
Stewart Walker is caught stealing 2nd base 2-6
Bottom of the 1st over - 0 runs, 0 hits, 0 errors, 0 left on base; University of Conneticut 0 - Louisiana State University 0
TOP OF THE 2ND
University of Conneticut Huskies batting - Pitching for Louisiana State University Tigers : LHP Nate Dawn
Batting: RHB Victor Ramos 0-0: SINGLE (Groundball, 6, EV 98.1 MPH)
Batting: RHB Victor Nava 0-0: Called Strike
0-1: Swinging Strike
0-2: Foul Ball, location: 2F
0-2: Ball
Victor Ramos is caught stealing 2nd base 2-4
1-2: Ball
2-2: Foul Ball, location: 2F
2-2: Foul Ball, location: 2F
2-2: Ground out 5-3 (Groundball, 56S, EV 60.6 MPH)
Batting: SHB Ismael Vega 0-0: Ball
1-0: Foul Ball, location: 2F
1-1: Foul Ball, location: 2F
1-2: Ball
2-2: Fly out, F9 (Flyball, 9, EV 90.6 MPH)
Top of the 2nd over - 0 runs, 1 hit, 0 errors, 0 left on base; University of Conneticut 0 - Louisiana State University 0
BOTTOM OF THE 2ND
Louisiana State University Tigers batting - Pitching for University of Conneticut Huskies : RHP Hector Guerra
Batting: LHB Todd Saunders 0-0: Ball
1-0: Ball
2-0: Called Strike
2-1: Swinging Strike
2-2: Foul Ball, location: 2F
2-2: Strikes out looking
Batting: RHB Pete Roberts 0-0: Called Strike
0-1: Fly out, F7 (Flyball, 78S, EV 83.1 MPH)
Batting: LHB Oscar Rivera 0-0: Swinging Strike
0-1: Ball
1-1: Ball
2-1: Ball
3-1: Base on Balls
Batting: RHB Byung-hee Jee 0-0: Fly out, F8 (Line Drive, 78D, EV 91.9 MPH)
Bottom of the 2nd over - 0 runs, 0 hits, 0 errors, 1 left on base; University of Conneticut 0 - Louisiana State University 0
TOP OF THE 3RD
University of Conneticut Huskies batting - Pitching for Louisiana State University Tigers : LHP Nate Dawn
Batting: RHB Jack Vokey 0-0: Swinging Strike
0-1: Called Strike
0-2: Strikes out swinging
Batting: RHB Kyle Finney 0-0: Called Strike
0-1: Swinging Strike
0-2: Ball
1-2: Strikes out swinging
Batting: RHB Jai De san miguel 0-0: Reached on error, E4 (Groundball, 4S, EV 85.0 MPH)
Batting: LHB Jonathan Sica 0-0: Called Strike
0-1: Foul Ball, location: 2F
0-2: Fly out, F8 (Flyball, 78XD, EV 94.4 MPH)
Top of the 3rd over - 0 runs, 0 hits, 1 error, 1 left on base; University of Conneticut 0 - Louisiana State University 0
BOTTOM OF THE 3RD
Louisiana State University Tigers batting - Pitching for University of Conneticut Huskies : RHP Hector Guerra
Batting: LHB Carsten Obenauer 0-0: Ball
1-0: Foul Ball, location: 2F
1-1: Ball
2-1: Swinging Strike
2-2: Ball
3-2: Strikes out swinging
Batting: SHB Shane Howe 0-0: Ball
1-0: Ball
2-0: Swinging Strike
2-1: Ball
3-1: Called Strike
3-2: Base on Balls
Batting: LHB Elijah Mallandain 0-0: Called Strike
0-1: Foul Ball, location: 2F
0-2: Ball
1-2: Foul Ball, location: 2F
1-2: Foul Ball, location: 2F
1-2: Ball
2-2: Ball
3-2: Foul Ball, location: 2F
3-2: Fielders Choice at 2nd, 6-4 (Groundball, 6M, EV 85.0 MPH)
Batting: RHB Keith Ashton 0-0: Ball
Elijah Mallandain steals 2nd base
1-0: Called Strike
1-1: Ball
2-1: Called Strike
2-2: Ball
3-2: Foul Ball, location: 2F
3-2: Foul Ball, location: 2F
3-2: SINGLE (Groundball, 6D, EV 99.4 MPH)
Elijah Mallandain to third
Runner from 3rd tries for Home, SAFE, throw by CF to home
Keith Ashton to second
Batting: RHB Stewart Walker 0-0: Called Strike
0-1: Ball
1-1: Ball
2-1: Foul Ball, location: 2F
2-2: Foul Ball, location: 2F
2-2: Ball
3-2: Foul Ball, location: 2F
3-2: SINGLE (Line Drive, 89S, EV 106.9 MPH)
Keith Ashton to third
Runner from 3rd tries for Home, SAFE, throw by RF to home
Batting: LHB Todd Saunders 0-0: Ball
1-0: Ground out 4-3 (Groundball, 34, EV 82.5 MPH)
Bottom of the 3rd over - 2 runs, 2 hits, 0 errors, 1 left on base; University of Conneticut 0 - Louisiana State University 2
TOP OF THE 4TH
University of Conneticut Huskies batting - Pitching for Louisiana State University Tigers : LHP Nate Dawn
Batting: LHB Hector Acosta 0-0: Fly out, F9 (Flyball, 89S, EV 86.2 MPH)
Batting: RHB Cullen Elliott 0-0: Ball
1-0: Foul Ball, location: 2F
1-1: Swinging Strike
1-2: Ball
2-2: Foul Ball, location: 2F
2-2: Foul Ball, location: 2F
2-2: Strikes out swinging
Batting: RHB Victor Ramos 0-0: Ball
1-0: Foul Ball, location: 2F
1-1: Ball
2-1: Fly out, F7 (Flyball, 7LS, EV 84.4 MPH)
Top of the 4th over - 0 runs, 0 hits, 0 errors, 0 left on base; University of Conneticut 0 - Louisiana State University 2
BOTTOM OF THE 4TH
Louisiana State University Tigers batting - Pitching for University of Conneticut Huskies : RHP Hector Guerra
Pitching: RHP Phil Hilton
Batting: RHB Pete Roberts 0-0: Foul Ball, location: 2F
0-1: Called Strike
0-2: Ball
1-2: Foul Ball, location: 2F
1-2: Ball
2-2: Ball
3-2: Fly out, F8 (Flyball, 8LXD, EV 98.1 MPH)
Batting: LHB Oscar Rivera 0-0: Foul Ball, location: 2F
0-1: Ball
1-1: Ball
2-1: Foul Ball, location: 2F
2-2: Ball
3-2: Fly out, F9 (Flyball, 9S, EV 86.2 MPH)
Batting: RHB Byung-hee Jee 0-0: Ball
1-0: Swinging Strike
1-1: Called Strike
1-2: Ground out 5-3 (Groundball, 56, EV 104.4 MPH)
Bottom of the 4th over - 0 runs, 0 hits, 0 errors, 0 left on base; University of Conneticut 0 - Louisiana State University 2
TOP OF THE 5TH
University of Conneticut Huskies batting - Pitching for Louisiana State University Tigers : LHP Nate Dawn
Now at SS: David Dye
Batting: RHB Victor Nava 0-0: Ball
1-0: Swinging Strike
1-1: Foul Ball, location: 2F
1-2: Ground out 5-3 (Groundball, 56S, EV 66.9 MPH)
Batting: SHB Ismael Vega 0-0: Ball
1-0: Foul Ball, location: 2F
1-1: Swinging Strike
1-2: Foul Ball, location: 2F
1-2: Strikes out swinging
Batting: RHB Jack Vokey 0-0: Ball
1-0: Ball
2-0: Called Strike
2-1: Fly out, F7 (Flyball, 7S, EV 89.4 MPH)
Top of the 5th over - 0 runs, 0 hits, 0 errors, 0 left on base; University of Conneticut 0 - Louisiana State University 2
BOTTOM OF THE 5TH
Louisiana State University Tigers batting - Pitching for University of Conneticut Huskies : RHP Phil Hilton
Pitching: LHP Jesus Cordero
Now at 1B: Lee Wilbur
Now at 3B: Jordan Nicholas
Batting: LHB Carsten Obenauer 0-0: Called Strike
0-1: Ball
1-1: Ground out 6-3 (Groundball, 6MD, EV 100.0 MPH)
Batting: SHB Shane Howe 0-0: Called Strike
0-1: Ball
1-1: Fly out, F8 (Flyball, 8RD, EV 94.4 MPH)
Pinch Hitting: SHB Brian Caruso 0-0: Ball
1-0: Ball
2-0: Ground out 6-3 (Groundball, 6, EV 103.1 MPH)
Bottom of the 5th over - 0 runs, 0 hits, 0 errors, 0 left on base; University of Conneticut 0 - Louisiana State University 2
TOP OF THE 6TH
University of Conneticut Huskies batting - Pitching for Louisiana State University Tigers : LHP Nate Dawn
Pitching: RHP Jeremy Kolb
Now at C: Stone Fraser
Now at 1B: Peter Turcotte
Now at 3B: Leo Roldan
Now in LF: Jake Garza
Now in CF: Roku Miyahara
Now in RF: Elvin Ruffolo
Pinch Hitting: LHB Omar Alba 0-0: Called Strike
0-1: Foul Ball, location: 2F
0-2: Ball
1-2: Ball
2-2: Strikes out swinging
Batting: RHB Lee Wilbur 0-0: Ball
1-0: Ground out 6-3 (Groundball, 6, EV 90.0 MPH)
Batting: RHB Jordan Nicholas 0-0: Foul Ball, location: 2F
0-1: Fly out, F8 (Line Drive, 8LM, EV 105.0 MPH)
Top of the 6th over - 0 runs, 0 hits, 0 errors, 0 left on base; University of Conneticut 0 - Louisiana State University 2
BOTTOM OF THE 6TH
Louisiana State University Tigers batting - Pitching for University of Conneticut Huskies : LHP Jesus Cordero
Pitching: RHP Leo Cartwright
Now in LF: Victor Nava
Now in CF: Omar Alba
Batting: RHB Leo Roldan 0-0: Ball
1-0: Ball
2-0: Swinging Strike
2-1: Fly out, F8 (Line Drive, 78M, EV 88.1 MPH)
Batting: RHB David Dye 0-0: Ball
1-0: Called Strike
1-1: Ball
2-1: Foul Ball, location: 2F
2-2: Foul Ball, location: 2F
2-2: Fly out, F9 (Flyball, 9S, EV 73.8 MPH)
Batting: RHB Winston Vasquez 0-0: Ball
1-0: Fly out, F4 (Popup, 4MD, EV 61.2 MPH)
Bottom of the 6th over - 0 runs, 0 hits, 0 errors, 0 left on base; University of Conneticut 0 - Louisiana State University 2
TOP OF THE 7TH
University of Conneticut Huskies batting - Pitching for Louisiana State University Tigers : RHP Jeremy Kolb
Pitching: RHP Luis Gonzales
Batting: RHB Paul Pastrano 0-0: Swinging Strike
0-1: Foul Ball, location: 2F
0-2: Strikes out swinging
Batting: RHB Cullen Elliott 0-0: Ball
1-0: Foul Ball, location: 2F
1-1: Foul Ball, location: 2F
1-2: Ground out 2-3 (Groundball, 2L, EV 72.5 MPH)
Pinch Hitting: LHB Greg James 0-0: Ball
1-0: Ball
2-0: Ball
3-0: Called Strike
3-1: Swinging Strike
3-2: Strikes out swinging
Top of the 7th over - 0 runs, 0 hits, 0 errors, 0 left on base; University of Conneticut 0 - Louisiana State University 2
BOTTOM OF THE 7TH
Louisiana State University Tigers batting - Pitching for University of Conneticut Huskies : RHP Leo Cartwright
Pitching: LHP Alex Membreno
Now in LF: Charlie Slayback
Now in RF: Greg James
Batting: RHB Peter Turcotte 0-0: Foul Ball, location: 2F
0-1: Ground out 2-3 (Groundball, 2L, EV 61.9 MPH)
Batting: RHB Elvin Ruffolo 0-0: Foul Ball, location: 2F
0-1: Swinging Strike
0-2: Ball
1-2: Strikes out swinging
Pinch Hitting: RHB Michael Maier 0-0: Swinging Strike
0-1: Ball
1-1: Swinging Strike
1-2: Strikes out swinging
Bottom of the 7th over - 0 runs, 0 hits, 0 errors, 0 left on base; University of Conneticut 0 - Louisiana State University 2
TOP OF THE 8TH
University of Conneticut Huskies batting - Pitching for Louisiana State University Tigers : RHP Luis Gonzales
Pitching: RHP Isaiah Keys
Now at 2B: Mike Catalano
Batting: RHB Charlie Slayback 0-0: Swinging Strike
0-1: Foul Ball, location: 2F
0-2: Ball
1-2: Ball
2-2: Ball
3-2: Strikes out swinging
Batting: SHB Ismael Vega 0-0: Ball
1-0: Foul Ball, location: 2F
1-1: Called Strike
1-2: Foul Ball, location: 2F
1-2: Ball
2-2: Foul Ball, location: 2F
2-2: Foul Ball, location: 2F
2-2: Ball
3-2: Strikes out swinging
Batting: RHB Jack Vokey 0-0: Fly out, F9 (Flyball, 9D, EV 100.0 MPH)
Top of the 8th over - 0 runs, 0 hits, 0 errors, 0 left on base; University of Conneticut 0 - Louisiana State University 2
BOTTOM OF THE 8TH
Louisiana State University Tigers batting - Pitching for University of Conneticut Huskies : LHP Alex Membreno
Pitching: RHP Gilberto Herrero
Batting: RHB Jake Garza 0-0: Ball
1-0: Ground out U3 (Groundball, 3, EV 103.1 MPH)
Batting: RHB Roku Miyahara 0-0: SINGLE (Groundball, 25, EV 72.5 MPH) (infield hit)
Batting: SHB Stone Fraser 0-0: Ball
1-0: Ball
2-0: Grounds into double play, 4-6-3 (Groundball, 4, EV 102.5 MPH)
Bottom of the 8th over - 0 runs, 1 hit, 0 errors, 0 left on base; University of Conneticut 0 - Louisiana State University 2
TOP OF THE 9TH
University of Conneticut Huskies batting - Pitching for Louisiana State University Tigers : RHP Isaiah Keys
Pitching: RHP D.J. Ganz
Batting: LHB Omar Alba 0-0: Called Strike
0-1: Called Strike
0-2: Ball
1-2: Strikes out swinging
Pinch Hitting: RHB Matthew Lanford 0-0: Swinging Strike
0-1: Foul Ball, location: 2F
0-2: Ball
1-2: Foul Ball, location: 2F
1-2: Ball
2-2: Strikes out swinging
Pinch Hitting: SHB Miguel Perez 0-0: Fly out, F6 (Line Drive, 6, EV 61.9 MPH)
Top of the 9th over - 0 runs, 0 hits, 0 errors, 0 left on base; University of Conneticut 0 - Louisiana State University 2
Tuesday, March 28th , 2023 - OOTP Baseball 23.10 Build 110